 Dungeon Crawl Stone Soup version 0.15.1-1-gfacfea3 (webtiles) character file.

46 Ratboiler the Insei (level 3, 0/23 HPs)
             Began as an Octopode Transmuter on Sept 21, 2014.
             Succumbed to an adder's poison
             ... on Level 2 of the Dungeon.
             The game lasted 00:04:07 (1824 turns).

Ratboiler the Insei (Octopode Transmuter)           Turns: 1824, Time: 00:04:08

HP   0/23        AC  1     Str  9      XL: 3   Next: 68%
MP   5/6         EV 12     Int 16      God:
Gold 149         SH  0     Dex 12      Spells:  2 memorised,  3 levels left

rFire  . . .     SeeInvis .       - Unarmed
rCold  . . .     Clarity  .     (no shield)
rNeg   + . .     rCorr    .     (helmet restricted)
rPois  .         rRot     .     (no amulet)
rElec  .         Spirit   .     e - ring of positive energy
SustAb .         Warding  .     (no ring)
rMut   .         Stasis   .     (no ring)
Gourm  .                        (no ring)
MR     .....                    (no ring)
                                (no ring)
                                (no ring)
                                (no ring)

@: confused, lethally poisoned, appendage (expiring), not resistant to hostile
enchantments, unstealthy
A: almost no armour, amphibious, 8 rings, constrict 8, tentacle spike 3,
camouflage 1, gelatinous body 1
a: End Transformation


You were on level 2 of the Dungeon.
You were not hungry.
One of your tentacles had a temporary spike.
You visited 1 branch of the dungeon, and saw 2 of its levels.

You collected 149 gold pieces.

Inventory:

Missiles
 b - 10 arrows
 g - 20 arrows of flame
 k - 7 poisoned arrows
Comestibles
 a - a bread ration
Scrolls
 c - a scroll of recharging {unknown}
 h - 2 scrolls of blinking {unknown}
 j - 2 scrolls of identify {unknown}
 l - 2 scrolls of remove curse {unknown}
 m - a scroll of enchant armour {unknown}
Jewellery
 e - a ring of positive energy (left tentacle)
Potions
 i - a potion of heal wounds {unknown}
Books
 d - a book of Changes

   Spells                             Type                      Level
   *Beastly Appendage                 Transmutation                1
   *Sticks to Snakes                  Transmutation                2
   Spider Form                        Transmutation/Poison         3
   Ice Form                           Ice/Transmutation            4
   Blade Hands                        Transmutation                5


   Skills:
 - Level 1.0 Fighting
 - Level 2.0 Dodging
 + Level 4.0 Unarmed Combat
 - Level 2.0 Spellcasting
 + Level 2.8 Transmutations


You had 3 spell levels left.
You knew the following spells:

 Your Spells              Type           Power        Failure   Level  Hunger
a - Beastly Appendage     Trmt           ##....       10%         1    #......
b - Sticks to Snakes      Trmt           ##........   12%         2    ###....


Dungeon Overview and Level Annotations

Branches:
Dungeon (2/15)

Altars:
Cheibriados
Dithmenos


Innate Abilities, Weirdness & Mutations

You cannot wear most types of armour.
You are amphibious.
You can wear up to eight rings at the same time.
You can use your tentacles to constrict many enemies at once.
Your skin changes colour to match your surroundings (Stealth).
Your rubbery body absorbs attacks (AC +1).
One of your tentacles bears a large vicious spike.


Message History

You closely miss the adder. Your grab misses the adder.
Your tentacle spike misses the adder.
You feel sick. The adder barely misses you.
You closely miss the adder. Your grab misses the adder. The adder bites you.
You closely miss the adder. Your grab misses the adder.
You feel sick. The adder misses you.
Your magical contamination has completely faded away.
You closely miss the adder. You grab the adder.
You constrict the adder, but do no damage.
You feel sick. The adder bites you.
* * * LOW HITPOINT WARNING * * *
You tentacle-slap the adder.
The adder is moderately wounded.
Your transformation is almost over.
You constrict the adder. The adder bites you.
* * * LOW HITPOINT WARNING * * *
Drink which item? (? for menu, Esc to quit)
You are confused.
It was a potion of confusion.
You constrict the adder.
You die...

#....##..#####
#....##..#
######....##..#
+...........#>#
###########.#.#
###########+#.####
.$............#≈_#
...............##.#
.......S@.......'.#
...............##.#
......#####+#.#≈_#
?.............####
...............##
##+#...........#
#.........###
#.........#
.........#


You could see an adder.

Vanquished Creatures
  A giant gecko (D:1)
  A ball python (D:1)
  3 goblins (D:1)
  5 hobgoblins
  6 jackals (D:1)
  5 kobolds
  4 bats (D:1)
  2 giant newts (D:1)
  7 rats
34 creatures vanquished.

Vanquished Creatures (collateral kills)
  A gnoll (D:1)
  A jackal (D:1)
2 creatures vanquished.

Grand Total: 36 creatures vanquished

Notes
Turn   | Place    | Note
--------------------------------------------------------------
     0 | D:1      | Ratboiler, the Octopode Transmuter, began the quest for the Orb.
     0 | D:1      | Reached XP level 1. HP: 13/13 MP: 3/3
   232 | D:1      | Reached XP level 2. HP: 5/18 MP: 4/4
   242 | D:1      | Learned a level 2 spell: Sticks to Snakes
   683 | D:1      | Reached XP level 3. HP: 23/23 MP: 4/6
  1418 | D:2      | Reached skill level 4 in Unarmed Combat
  1803 | D:2      | Found a snail-covered altar of Cheibriados.
  1803 | D:2      | Found a shadowy altar of Dithmenos.
  1823 | D:2      | HP: 1/23 [adder (2)]
  1824 | D:2      | Succumbed to an adder's poison

Action                   || total
-------------------------++-------
Melee: Unarmed           ||    87
 Cast: Beastly Appendage ||    11
       Sticks to Snakes  ||     2
  Use: Potion            ||     1
 Stab: Sleeping          ||     3
  Eat: Chunk             ||     3
